 Dungeon Crawl Stone Soup version 0.20.1-1-g8b1a95d (webtiles) character file.

60 pstr the Conjurer (level 4, -9/24 HPs)
             Began as a Kobold Conjurer on Nov 11, 2017.
             Mangled by an ogre
             ... wielding a +0 giant spiked club
              (33 damage)
             ... on level 4 of the Dungeon.
             The game lasted 00:08:26 (2538 turns).

pstr the Conjurer (Kobold Conjurer)                 Turns: 2538, Time: 00:08:26

Health: -9/24      AC:  3    Str:  5    XL:     4   Next: 24%
Magic:  0/7        EV: 14    Int: 17    God:
Gold:   30         SH:  0    Dex: 15    Spells: 5/8 levels left

rFire    . . .     SeeInvis .   f - +0 spear
rCold    . . .     Gourm    .   (shield restricted)
rNeg     . . .     Faith    .   v - +0 leather armour
rPois    .         Spirit   .   (no helmet)
rElec    .         Reflect  .   (no cloak)
rCorr    .         Harm     .   (no gloves)
MR       .....                  (no boots)
Stlth    ++........             (no amulet)
Regen    0.1/turn               (no ring)
MPRegen  0.1/turn               (no ring)

@: no status effects
A: carnivore 3
a: no special abilities


You were on level 4 of the Dungeon.
You were very full.

You visited 1 branch of the dungeon, and saw 4 of its levels.

You collected 30 gold pieces.

Inventory:

Hand Weapons
 f - a +0 spear (weapon)
Missiles
 e - 56 stones (quivered)
Armour
 a - a +0 robe
 v - a +0 leather armour (worn)
Jewellery
 p - an uncursed ring of protection from fire {unknown}
Scrolls
 d - 3 scrolls of identify {unknown}
 g - 2 scrolls of magic mapping {unknown}
 h - a scroll of remove curse {unknown}
 i - a scroll of enchant armour {unknown}
 m - a scroll of teleportation {unknown}
 n - a scroll of amnesia {unknown}
 q - a scroll of fog {unknown}
 r - 2 scrolls of enchant weapon {unknown}
Potions
 k - a potion of cancellation {unknown}
 l - 3 potions of heal wounds {unknown}
 o - 2 potions of curing {unknown}
 t - a potion of mutation {unknown}
 u - a potion of resistance {unknown}
Books
 b - a book of Conjurations

   Spells                             Type                      Level
   a - Magic Dart                     Conjuration                  1
   b - Searing Ray                    Conjuration                  2
   c - Dazzling Spray                 Conjuration/Hexes            3
   d - Fulminant Prism                Conjuration/Hexes            4
   e - Force Lance                    Conjuration/Translocation    4
   f - Iskenderun's Mystic Blast      Conjuration                  4
 s - a book of Misfortune

   Spells                             Type                      Level
   a - Confusing Touch                Hexes                        1
   b - Confuse                        Hexes                        3
   c - Gell's Gravitas                Translocation                3
   d - Petrify                        Transmutation/Earth          4
   e - Metabolic Englaciation         Hexes/Ice                    5
   f - Yara's Violent Unravelling     Hexes/Transmutation          5
Comestibles
 c - 3 meat rations
 j - 3 royal jellies


   Skills:
 + Level 0.2 Fighting
 + Level 0.2 Polearms
 + Level 2.9 Dodging
 + Level 2.8 Stealth
 + Level 2.5 Spellcasting
 + Level 5.0 Conjurations


You had 5 spell levels left.
You knew the following spells:

 Your Spells              Type           Power        Failure   Level  Hunger
a - Magic Dart            Conj           ###.         4%          1    #......
b - Searing Ray           Conj           ###...       6%          2    ##.....


Dungeon Overview and Level Annotations

Branches:
Dungeon (4/15)
 Temple: D:4-7

Altars:
Dithmenos

Annotations:
D:3 2 transporters, Ijyb


Innate Abilities, Weirdness & Mutations

You are small and have problems with some larger weapons.
You are carnivorous and can eat meat at any time.


Message History

The ogre is heavily wounded.
The searing ray hits the ogre.
The ogre is severely wounded.
You finish channeling your searing ray.
The ogre misses you.
Casting: Searing Ray
Confirm with . or Enter, or press ? or * to list all spells.
Aiming: Searing Ray
Press: ? - help, Shift-Dir - straight line, f/p - ogre
Aim: an ogre, wielding a giant spiked club (severely wounded)
The searing ray hits the ogre.
The ogre is almost dead. (Press . to maintain the ray.)
You barely miss the ogre.
The ogre is almost dead.
The ogre barely misses you.
You hit the ogre.
The ogre is almost dead.
The ogre hits you with a giant spiked club!!
Ouch! That really hurt!
You die...

##...## ##.## ##'##
#.# #.# #.# #.# #.#
##.########.#
##........##.# :
#.....###.##.#
....#####...####.##.#
#....O@......##.##.#
##.#####.###.......#
#........####
##########


You could see an ogre.

Vanquished Creatures
  An adder (D:3)
  A worm (D:3)
  A dart slug (D:1)
  A leopard gecko (D:3)
  4 bats (D:1)
  A giant cockroach (D:1)
  7 goblins (D:1)
  5 hobgoblins
  6 jackals
  7 kobolds
  A quokka (D:2)
  A frilled lizard (D:2)
  4 rats
40 creatures vanquished.

Notes
Turn   | Place    | Note
-------+----------+-------------------------------------------
     0 | D:1      | pstr the Kobold Conjurer began the quest for the Orb.
     0 | D:1      | Reached XP level 1. HP: 10/10 MP: 3/3
   189 | D:1      | Reached XP level 2. HP: 14/15 MP: 0/5
   193 | D:1      | Learned a level 2 spell: Searing Ray
   639 | D:1      | Reached XP level 3. HP: 10/19 MP: 0/6
  1565 | D:2      | Found a shadowy altar of Dithmenos.
  1905 | D:3      | Reached XP level 4. HP: 24/24 MP: 0/7
  1916 | D:3      | Reached skill level 5 in Conjurations
  2075 | D:3      | Noticed Ijyb
  2118 | D:3      | Found a transporter.
  2126 | D:3      | Found a transporter.
  2528 | D:4      | Noticed an ogre
  2538 | D:4      | Mangled by an ogre

Skill      XL: |  1  2  3  4 |
---------------+-------------+-----
Conjurations   | 5 |  5.0
Fighting       | |  0.2
Polearms       | |  0.2
Dodging        | |  2.9
Stealth        | |  2.8
Spellcasting   | |  2.5

Action                   |  1- 3 |  4- 6 || total
-------------------------+-------+-------++-------
Melee: Spear             |    34 |    11 ||    45
       Unarmed           |       |     1 ||     1
 Cast: Magic Dart        |    49 |     4 ||    53
       Searing Ray       |     9 |     6 ||    15
  Eat: Chunk             |    10 |     4 ||    14
Armor: Robe              |    11 |     1 ||    12
Dodge: Dodged            |    70 |    12 ||    82
